Map: Darkness Sanctuary LE

Players

Robert

  • Race: Zerg Zerg
  • League: Diamond
  • Spawn Location: 11:00

Juxtapose - Winner!

  • Race: Terran Terran
  • League: Platinum
  • Spawn Location: 5:00

VOD

https://youtu.be/cpsodx4vYGY

Description

This was a pretty straightforward match. I believe my opponent got a little greedy knowing the size of this map, so my overall attack went well.

Time

  • Played on: Aug. 2, 2018, 7:21 p.m.
  • Length: 7:06
Show
View Real Time Build Order
Export as new Build Order

Robert Zerg 

Build Orders: Hatch First 

Get SALT Encoding   

  12  0:01  Drone  
  13  0:15  Overlord  
  13  0:21  Drone  
  14  0:33  Drone x2  
  16  0:38  Drone  
  17  0:56  Hatchery  
  16  0:59  Drone  
  16  1:01  Drone  
  18  1:10  Extractor, Drone  
  18  1:21  Spawning Pool  
  17  1:26  Drone  
  18  1:35  Drone  
  19  1:45  Overlord  
  19  2:03  Drone  
  19  2:04  Drone  
  21  2:15  Drone x2  
  23  2:25  Queen  
  23  2:26  Hatchery  
  23  2:27  Queen  
  26  2:32  Drone  
  26  2:34  Drone  
  28  2:41  Drone  
  28  2:42  Drone  
  28  2:43  Drone  
  31  2:56  Drone x2  
  31  2:57  Drone  
  34  3:07  Drone x2  
  36  3:22  Extractor, Overlord  
  36  3:23  Extractor, Queen  
  36  3:26  Overlord  
  36  3:37  Queen  
  38  3:41  Drone x2  
  38  3:42  Drone x6  
  38  3:43  Drone x2  
  48  3:53  Drone  
  48  3:54  Drone x2  
  51  4:09  Drone x2  
  54  4:10  Drone  
  54  4:15  Drone  
  54  4:16  Drone x2  
  57  4:24  Overlord x3  
  57  4:30  Extractor  
  56  4:35  Lair  
  56  4:36  Drone x2  
  56  4:37  Overlord  
  58  4:59  Drone  
  60  5:00  Drone x6  
  60  5:01  Drone x2  
  60  5:02  Drone x2  
  69  5:30  Zergling x4  
  69  5:31  Zergling x12  
  69  5:32  Zergling x8  
  69  5:33  Zergling x2  
  82  5:36  Hatchery, Spire  
  80  5:49  Zergling x2  
  82  5:50  Zergling x6, Overlord x2  
  82  5:51  Overlord x2  
  82  5:52  Zergling x6  
  82  5:53  Zergling x2  
  65  6:20  Zergling x8  
  65  6:21  Zergling x12  
  65  6:24  Zergling x6  
  65  6:25  Zergling x6  
  78  6:35  Zergling x2  
  78  6:36  Zergling x2  
  62  6:49  Spine Crawler  
  62  6:51  Spine Crawler  
Show
View Real Time Build Order
Export as new Build Order

Juxtapose Terran - Winner!

Build Orders: MMM Bio 

Get SALT Encoding   

  12  0:01  SCV  
  13  0:13  SCV  
  14  0:22  Supply Depot  
  14  0:25  SCV  
  15  0:43  SCV  
  15  0:45  Barracks  
  15  0:48  Supply Depot  
  16  0:55  SCV  
  17  1:04  Refinery  
  17  1:07  SCV  
  18  1:19  SCV  
  18  1:20  Refinery  
  20  1:34  Orbital Command  
  20  1:37  Marine  
  20  1:53  Engineering Bay  
  20  1:59  Supply Depot  
  20  2:02  SCV  
  20  2:05  Barracks Reactor  
  21  2:14  SCV  
  22  2:16  Barracks  
  22  2:25  Terran Infantry Weapons Level 1  
  22  2:26  SCV  
  23  2:38  SCV  
  23  2:42  Factory  
  23  2:44  Marine x2  
  24  2:50  SCV  
  27  3:10  Marine x2  
  27  3:11  Barracks Tech Lab  
  29  3:19  Command Center  
  28  3:25  Supply Depot  
  28  3:28  Factory Tech Lab  
  28  3:39  Stimpack  
  28  3:40  Marine  
  29  3:42  Marine  
  30  3:54  Siege Tank  
  33  3:58  Marine  
  33  4:00  Marine  
  35  4:08  Marauder  
  37  4:20  Marine x2  
  37  4:23  Terran Infantry Armor Level 1  
  39  4:26  Siege Tank  
  39  4:31  Marauder  
  44  4:34  Orbital Command  
  44  4:41  Marine x2  
  46  4:53  Orbital Command, Supply Depot  
  46  4:55  Marauder  
  46  4:59  Marine x2  
  50  5:01  Siege Tank  
  53  5:16  Marauder, Marine  
  53  5:17  Marine  
  57  5:27  SCV x2  
  59  5:34  Marine x2  
  61  5:38  Marauder  
  61  5:39  SCV x2  
  65  5:45  Combat Shields  
  65  5:51  SCV x2  
  67  5:57  Marine x2  
  65  6:23  Marine x2  
  65  6:24  Marauder  
  65  6:25  Siege Tank  
  69  6:35  SCV  
  69  6:36  Starport  
Tags
 
Add a new tag
Caveats
  • Supply blocks, unpowered buildings, or Contaminate may cause inaccurate times.
  • Supply counts are checked every 10 seconds.